 Dungeon Crawl Stone Soup version 0.17.0-28-g6e173f8 (webtiles) character file.

5201 afaerae the Blocker (level 10, -5/90 HPs)
             Began as a Minotaur Fighter on Dec 2, 2015.
             Was an Elder of Makhleb.
             Slain by a blue devil (13 damage)
             ... in an ice cave on Dec 3, 2015.
             The game lasted 00:57:02 (6603 turns).

afaerae the Blocker (Minotaur Fighter)              Turns: 6603, Time: 00:57:03

Health: -5/90      AC: 13    Str: 24    XL:     10   Next: 34%
Magic:  9/9        EV:  9    Int:  8    God:    Makhleb [****..]
Gold:   318        SH: 13    Dex: 10    Spells: 0 memorised, 9 levels left

rFire  . . .     SeeInvis .     a - +2 war axe
rCold  . . .     Clarity  .     i - +2 chain mail
rNeg   . . .     SustAt   .     c - +1 shield
rPois  .         Gourm    .     (helmet restricted)
rElec  .         Spirit   .     (no cloak)
rCorr  +         Warding  .     (no gloves)
rMut   .         Stasis   .     (no boots)
MR     .....                    f - amulet of resist corrosion
Stlth  ..........               (no ring)
                                y - +3 ring of intelligence

@: not resistant to hostile enchantments, extremely unstealthy
A: retaliatory headbutt, horns 2, regeneration 1
a: Minor Destruction, Lesser Servant of Makhleb, Major Destruction, Renounce
Religion


You were in an ice cave.
You worshipped Makhleb.
Makhleb was greatly pleased with you.
You were hungry.

You visited 3 branches of the dungeon, and saw 10 of its levels.
You also visited: Ossuary and Ice Cave.

You collected 318 gold pieces.

Inventory:

Hand Weapons
 a - a +2 war axe (weapon)
 x - a +1 great sword of freezing
 I - a +0 scimitar
 J - a +0 shortbow
 N - a +0 arbalest
Armour
 b - a +0 scale mail
 c - a +1 shield (worn)
 i - a +2 chain mail (worn)
 q - a cursed +0 helmet
 G - a +0 helmet
Jewellery
 f - an amulet of resist corrosion (around neck)
 g - an uncursed ring of protection from fire {unknown}
 y - a +3 ring of intelligence (left hand)
 F - an uncursed ring of stealth {unknown}
 K - an uncursed ring of sustain attributes {unknown}
 L - an uncursed amulet of warding {unknown}
 M - an uncursed ring of magical power {unknown}
Wands
 r - a wand of polymorph (20)
 s - a wand of frost (16)
 H - a wand of slowing (31)
 O - a wand of cold (10)
Scrolls
 e - 2 scrolls of magic mapping
 h - 3 scrolls of remove curse
 j - 4 scrolls of amnesia
 l - 2 scrolls of teleportation
 o - 2 scrolls of noise
 E - a scroll of blinking
 P - a scroll of recharging {unknown}
 Q - a scroll of enchant armour
 R - a scroll of identify
Potions
 d - 4 potions of might
 m - a potion of heal wounds
 n - 4 potions of curing
 t - a potion of lignification {unknown}
 u - 2 potions of agility {unknown}
 v - 3 potions of ambrosia {unknown}
 w - a potion of invisibility {unknown}
 B - 2 potions of cancellation {unknown}
 C - a potion of degeneration {unknown}
 D - 2 potions of haste
Comestibles
 k - 5 fruits
 p - a slice of pizza
 z - 3 bread rations
 A - 5 meat rations


   Skills:
 + Level 8.8 Fighting
 + Level 9.5 Axes
 + Level 9.4 Armour
 + Level 5.3 Dodging
 + Level 0.5 Stealth
 + Level 9.6 Shields


You had 9 spell levels left.
You didn't know any spells.

Dungeon Overview and Level Annotations

Branches:
Dungeon (8/15)             Temple (1/1) D:5            Lair (1/8) D:8

Altars:
Ashenzari
Cheibriados
Dithmenos
Elyvilon
Fedhas
Gozag
Kikubaaqudgha
Makhleb
Nemelex Xobeh
Okawaru
Qazlal
Sif Muna
Trog
Xom
Yredelemnul
Zin
Jiyva


Innate Abilities, Weirdness & Mutations

You reflexively headbutt those who attack you in melee.
You have a pair of horns on your head.
Your natural rate of healing is unusually fast.


Message History

The blue devil is moderately wounded.
You hit the blue devil but do no damage.
The blue devil is moderately wounded.
The ice devil hits you but does no damage.
The blue devil barely misses you. You block the blue devil's attack.
You slash the ice devil! Your headbutt misses the ice devil.
The ice devil is severely wounded.
You hit the blue devil but do no damage.
The blue devil is moderately wounded.
You hit the blue devil.
The blue devil is moderately wounded.
The ice devil hits you! The ice devil freezes you!!
* * * LOW HITPOINT WARNING * * *
The blue devil hits you!
* * * LOW HITPOINT WARNING * * *
You block the blue devil's attack. You block the ice devil's attack.
The blue devil hits you!
* * * LOW HITPOINT WARNING * * *
The blue devil hits you!
You die...

..# ... .... .....
#### .....#
######..##
......##..##....##
........3@4......#
........4....∩∩..#
........##.......#
......######....##
.....# ##..##
..... #### ....
... ..#


You could see an ice devil and 2 blue devils.

Vanquished Creatures
  3 spiny frogs (Lair:1)
  The ghost of afaerae the Covered, an amateur MiFi (D:4)
  Sigmund (D:6)
  3 yaks (Lair:1)
  Eustachio (D:5)
  A basilisk (Lair:1)
  3 orc warriors
  2 water moccasins (Lair:1)
  A sky beast (D:7)
  A black bear (Lair:1)
  2 ogres (D:6)
  A phantom (D:7)
  2 centaurs (D:7)
  2 crocodiles (D:8)
  2 big kobolds (D:8)
  A gnoll sergeant (D:8)
  3 giant frogs
  4 wights (D:7)
  3 scorpions
  3 crimson imps
  A giant frog zombie (D:6)
  3 hounds
  An orc priest (D:5)
  7 orc wizards
  A giant frog skeleton (D:6)
  A quasit (D:6)
  3 jellies
  5 iguanas
  7 worker ants
  A hound zombie (D:4)
  A mummy (D:7)
  A worker ant zombie (D:7)
  13 gnolls
  10 adders
  3 oozes (D:7)
  2 adder zombies
  5 worms
  4 giant geckos
  25 orcs
  4 ball pythons
  7 bats
  5 giant cockroaches
  5 hobgoblins
  4 jackals (D:7)
  21 kobolds
  6 quokkas
  A ball python skeleton (D:6)
  7 giant newts
  7 goblins
  A jackal skeleton (D:4)
  An orc zombie (Ossuary)
  A quokka zombie (D:5)
  9 rats
  A fungus (D:8)
  3 plants
217 creatures vanquished.

Vanquished Creatures (others)
  9 fungi (D:8)
9 creatures vanquished.

Grand Total: 226 creatures vanquished

Notes
Turn   | Place    | Note
--------------------------------------------------------------
     0 | D:1      | afaerae the Minotaur Fighter began the quest for the Orb.
     0 | D:1      | Reached XP level 1. HP: 19/19 MP: 0/0
   132 | D:1      | Reached skill level 4 in Fighting
   155 | D:1      | Reached XP level 2. HP: 8/27 MP: 1/1
   835 | D:2      | Reached XP level 3. HP: 33/33 MP: 2/2
  1215 | D:2      | Reached skill level 1 in Dodging
  1236 | D:2      | Found an ancient bone altar of Kikubaaqudgha.
  1495 | D:2      | Reached XP level 4. HP: 37/40 MP: 3/3
  1697 | D:3      | Reached XP level 5. HP: 45/47 MP: 4/4
  2142 | D:4      | Reached skill level 5 in Armour
  2155 | D:4      | Noticed afaerae's ghost (amateur MiFi)
  2166 | D:4      | Killed afaerae's ghost
  2166 | D:4      | Reached skill level 5 in Fighting
  2166 | D:4      | Reached skill level 5 in Shields
  2166 | D:4      | Reached XP level 6. HP: 12/56 MP: 5/5
  2265 | D:4      | Found a burning altar of Makhleb.
  2277 | D:4      | Became a worshipper of Makhleb the Destroyer
  2346 | D:4      | Reached XP level 7. HP: 31/61 MP: 6/6
  2371 | D:4      | Found a blossoming altar of Fedhas.
  2691 | D:5      | Entered Level 5 of the Dungeon
  2725 | D:5      | Found a staircase to the Ecumenical Temple.
  2734 | Temple   | Entered the Ecumenical Temple
  3051 | D:5      | Noticed Eustachio
  3068 | D:5      | Killed Eustachio
  3068 | D:5      | Reached skill level 5 in Axes
  3068 | D:5      | Reached skill level 6 in Armour
  3262 | D:5      | Reached * piety under Makhleb
  3336 | D:5      | Found a snail-covered altar of Cheibriados.
  3516 | D:6      | Reached XP level 8. HP: 22/70 MP: 7/7
  3635 | D:6      | Reached skill level 7 in Armour
  3733 | D:6      | Noticed Sigmund
  3758 | D:6      | Killed Sigmund
  3975 | D:6      | Found a sand-covered staircase.
  3988 | Ossuary  | Entered an ossuary
  4003 | Ossuary  | Reached ** piety under Makhleb
  4040 | D:6      | Gained mutation: Your natural rate of healing is unusually fast. [potion of beneficial mutation]
  4827 | D:7      | Found a bloodstained altar of Trog.
  4922 | D:7      | Reached skill level 8 in Armour
  4961 | D:7      | Reached XP level 9. HP: 79/79 MP: 8/8
  5154 | D:7      | Found a viscous altar of Jiyva.
  5574 | D:7      | Reached *** piety under Makhleb
  6155 | D:8      | Reached **** piety under Makhleb
  6179 | D:8      | Found a staircase to the Lair.
  6237 | Lair:1   | Entered Level 1 of the Lair of Beasts
  6382 | Lair:1   | Noticed a spiny frog
  6389 | Lair:1   | Killed a spiny frog
  6389 | Lair:1   | Reached skill level 9 in Axes
  6389 | Lair:1   | Reached skill level 5 in Dodging
  6413 | Lair:1   | Noticed a spiny frog
  6430 | Lair:1   | Killed a spiny frog
  6430 | Lair:1   | Reached XP level 10. HP: 35/89 MP: 9/9
  6527 | Lair:1   | Noticed a spiny frog
  6536 | Lair:1   | Killed a spiny frog
  6558 | Lair:1   | Found a frozen archway.
  6584 | IceCv    | Entered an ice cave
  6590 | IceCv    | Noticed an ice devil
  6603 | IceCv    | Slain by a blue devil

Action                   |  1- 3 |  4- 6 |  7- 9 | 10-12 || total
-------------------------+-------+-------+-------+-------++-------
Melee: War axe           |   104 |   117 |   439 |    47 ||   707
  Use: Scroll            |     2 |    10 |     6 |       ||    18
       Potion            |       |     1 |     4 |     2 ||     7
  Eat: Bread ration      |     1 |       |     2 |       ||     3
       Beef jerky        |       |     1 |       |       ||     1
       Fruit             |       |       |     5 |       ||     5
